 Dungeon Crawl Stone Soup version 0.23-a0-650-ga4d50d4 (webtiles) character file.

13374 Amnesiac the Geomancer (level 11, 46/46 HPs)
             Began as a Felid Earth Elementalist on Jan 6, 2019.
             Was a High Priest of Vehumet.
             Quit the game on level 2 of the Lair of Beasts.
             The game lasted 00:44:22 (22710 turns).

Amnesiac the Geomancer (Felid Earth Elementalist)  Turns: 22710, Time: 00:44:23

Health: 46/46      AC:  3    Str:  4    XL:     11   Next: 74%
Magic:  29/29      EV: 23    Int: 22    God:    Vehumet [*****.]
Gold:   296        SH:  0    Dex: 16    Spells: 0/36 levels left
                                        Lives:  0   Deaths: 2

rFire    . . .     SeeInvis +     - Unarmed
rCold    + + .     Gourm    .   (shield unavailable)
rNeg     . . .     Faith    .   (armour unavailable)
rPois    .         Spirit   .   (helmet unavailable)
rElec    .         Reflect  .   (cloak unavailable)
rCorr    .         Harm     .   (gloves unavailable)
MR       ++...                  (boots unavailable)
Stlth    +++.......             n - amulet of rage
HPRegen  0.15/turn              q - ring of protection from magic
MPRegen  0.21/turn              x - ring of protection from cold

@: quick
A: very small, no armour, no weapons or thrown items, stealth, claws 1, fangs 3,
see invisible, carnivore, speed 1, shaggy fur 3, slow metabolism 1, sharp paws
a: Renounce Religion, Evoke Berserk Rage


You were on level 2 of the Lair of Beasts.
You worshipped Vehumet.
Vehumet was extremely pleased with you.
You were not hungry.

You visited 3 branches of the dungeon, and saw 17 of its levels.
You also visited: Sewer and Ossuary.

You collected 1176 gold pieces.
You spent 880 gold pieces at shops.

Inventory:

Missiles
 d - 225 stones
 r - 260 arrows
Jewellery
 n - an amulet of rage (around neck)
 q - a ring of protection from magic (left paw)
 x - a ring of protection from cold (right paw)
 C - an uncursed ring of ice
Wands
 j - a wand of disintegration (24)
 k - a wand of iceblast (5)
 D - a wand of acid (5)
 H - a wand of random effects (20)
Scrolls
 b - 14 scrolls of teleportation {!r}
 g - 8 scrolls of remove curse {!r}
 h - a scroll of magic mapping {!r}
 l - a scroll of blinking {!r}
 w - a scroll of holy word {!r, unknown}
 A - a scroll of amnesia {!r}
 B - 5 scrolls of identify {!r}
Potions
 a - 3 potions of haste {!q}
 e - a potion of flight {!q}
 f - 2 potions of lignification {!q}
 i - 7 potions of heal wounds {!q}
 m - 2 potions of invisibility {!q}
 o - a potion of resistance {!q}
 p - a potion of brilliance {!q}
 s - a potion of might {!q}
 u - a potion of ambrosia {!q}
 v - a potion of cancellation {!q}
 z - a potion of berserk rage {!q}
 E - a potion of mutation {!q, unknown}
 F - a potion of magic {!q}
 G - a potion of agility {!q}
 J - a potion of curing {!q}
Miscellaneous
 t - a crystal ball of energy
 y - a phantom mirror
Comestibles
 c - 21 rations


   Skills:
 - Level 4.1 Fighting
 + Level 7.7 Dodging
 - Level 4.0 Stealth
 - Level 4.0 Unarmed Combat
 * Level 13.3 Spellcasting
 - Level 4.0 Conjurations
 - Level 4.0 Transmutations
 * Level 13.3 Earth Magic


You couldn't memorise any spells.
You knew the following spells:

 Your Spells              Type           Power        Failure   Level  Hunger
a - Stone Arrow           Conj/Erth      ######       1%          3    None
b - Passwall              Tmut/Erth      ######..     1%          2    None
c - Sandblast             Erth           ######       0%          1    None
d - Lee's Rapid Deconstr  Erth           ######....   1%          5    ###....
e - Petrify               Tmut/Erth      ######..     1%          4    None
f - Mephitic Cloud        Conj/Pois/Air  ###.....     2%          3    None
q - Sticks to Snakes      Tmut           ####....     1%          2    None
s - Conjure Flame         Conj/Fire      ###.....     1%          3    None
t - Statue Form           Tmut/Erth      ######...    19%         6    #####..
w - Irradiate             Conj/Tmut      ####......   6%          5    ###....
z - Swiftness             Chrm/Air       ##......     6%          2    None

Your spell library contained the following spells:

 Spells                   Type           Power        Failure   Level  Hunger
 Bolt of Magma            Conj/Fire/Erth #####.....   3%          5    ###....
 Beastly Appendage        Tmut           ####..       1%          1    None
 Flame Tongue             Conj/Fire      ###..        1%          1    None
 Magic Dart               Conj           ####         1%          1    None
 Shock                    Conj/Air       ###.         1%          1    None
 Searing Ray              Conj           ####..       1%          2    None
 Throw Flame              Conj/Fire      ###...       1%          2    None
 Dazzling Spray           Conj/Hex       ###...       1%          3    None
 Static Discharge         Conj/Air       ###.....     1%          3    None
 Iskenderun's Mystic Bla  Conj           ####....     2%          4    None
 Inner Flame              Hex/Fire       ##......     3%          3    None
 Spider Form              Tmut/Pois      ###.......   5%          3    None
 Force Lance              Conj/Tloc      ###.....     5%          4    None
 Fulminant Prism          Conj/Hex       ###.......   5%          4    None
 Sticky Flame             Conj/Fire      ###.....     5%          4    None
 Airstrike                Air            ##........   11%         4    None
 Fireball                 Conj/Fire      ###.......   13%         5    ###....
 Lightning Bolt           Conj/Air       ###.......   13%         5    ###....
 Ice Form                 Ice/Tmut       ###.....     19%         4    None
 Blade Hands              Tmut           ####......   22%         5    ###....
 Hydra Form               Tmut           ####......   77%         6    #####..
 Dragon Form              Tmut           ####......   100%        7    ######.


Dungeon Overview and Level Annotations

Branches:
Dungeon (14/15)            Temple (1/1) D:4            Lair (2/6) D:9
 Spider (0/4) Lair:2          Orc (0/2) D:11
  Swamp: Lair:2-4    Shoals: Lair:2-4    Vaults: D:13-14

Altars:
Ashenzari
Cheibriados
Dithmenos
Elyvilon
Fedhas
Gozag
Hepliaklqana
Kikubaaqudgha
Makhleb
Nemelex Xobeh
Okawaru
Qazlal
Ru
Sif Muna
Trog
Uskayaw
Vehumet
Wu Jian
Xom
Yredelemnul
Zin
The Shining One

Shops:
D:8 *[   D:11 *   D:13 *

Portals:
Trove: D:11 (give 12 potions of heal wounds)

Annotations:
D:2 Terence
D:3 Sigmund


Innate Abilities, Weirdness & Mutations

You cannot wear armour.
You are incapable of wielding weapons or throwing items.
Your paws allow you to move quietly. (Stealth)
You have sharp claws.
You have razor-sharp teeth.
You have supernaturally acute eyesight. (SInv)
You are carnivorous and can eat meat at any time.
You cover ground quickly.
Your thick and shaggy fur keeps you warm. (AC +3, rC+)
You have a slow metabolism.
Your sharp claws are effective at attacking unaware monsters.


Message History

Press: ? - help, Shift-Dir - straight line, f - porcupine
Aim: a porcupine (hasn't noticed you)
The stone arrow hits the porcupine.
The porcupine is severely wounded.
Casting: Stone Arrow (safe; 1% risk of failure)
Confirm with . or Enter, or press ? or * to list all spells.
Aiming: Stone Arrow (safe; 1% risk of failure)
Press: ? - help, Shift-Dir - straight line, f/p - porcupine
Aim: a porcupine (severely wounded)
The stone arrow hits the porcupine.
You kill the porcupine!
Vehumet accepts your kill.
You feel your power returning.
You start resting.
Some of the chunks of flesh in your inventory have rotted away. x2
Magic restored.
Found a stone staircase leading down.
Found an escape hatch in the ceiling.
Found an escape hatch in the floor.
There is an open door here.
Found 13 sling bullets.
All of the chunks of flesh in your inventory have rotted away.
Found 10 sling bullets.
You see here 10 sling bullets.
A spiny frog comes into view.
A spiny frog is nearby!
A spiny frog is nearby!
A spiny frog is nearby!
Found a potion of heal wounds and 18 stones.
The helpless spiny frog fails to defend itself.
You mangle the spiny frog!!
The spiny frog is heavily wounded.
The spiny frog stings you!!
Casting: Stone Arrow (safe; 1% risk of failure)
Confirm with . or Enter, or press ? or * to list all spells.
Aiming: Stone Arrow (safe; 1% risk of failure)
Press: ? - help, Shift-Dir - straight line, f - spiny frog
Aim: a spiny frog (heavily wounded)
The stone arrow hits the spiny frog.
The spiny frog is almost dead.
The spiny frog stings you!!
Ouch! That really hurt!
* * * LOW HITPOINT WARNING * * *
You are lethally poisoned!
The spiny frog poisons you! The spiny frog completely misses you.
Casting: Stone Arrow (safe; 1% risk of failure)
Confirm with . or Enter, or press ? or * to list all spells.
Aiming: Stone Arrow (safe; 1% risk of failure)
Press: ? - help, Shift-Dir - straight line, f/p - spiny frog
Aim: a spiny frog (almost dead)
The stone arrow hits the spiny frog.
You kill the spiny frog!
Vehumet accepts your kill.
You feel your power returning.
You die...
You feel sick.
You are now level 11!
You rejoin the land of the living...
Unknown command.
Unknown command.
You can't grasp things well enough to throw them.
Unknown command.
Unknown command.
Are you sure you want to abandon this character and quit the game? (Confirm

### #####.#
#.##..#### ##.......#
#.......## ###### #
#..@.....###.P#.####
#...........†...#P##
##......>#.#.###.....
#.........#####.#..##
##.......## ######
#.......# ####...##
### . #P...# .. ..
##.### .. ..


There were no monsters in sight!

Vanquished Creatures
  Gastronok (D:9)
  Snorg (D:10)
  Fannar (D:12)
  A hydra (D:11)
  2 two-headed ogres
  Urug (Lair:2)
  8 ugly things
  2 cyclopes (D:11)
  A black mamba (Lair:2)
  A guardian serpent (D:10)
  6 spiny frogs
  A kobold demonologist (D:8)
  2 komodo dragons
  A freezing wraith (Lair:2)
  2 trolls
  3 polar bears (Lair:2)
  3 slime creatures (D:13)
  A meliai zombie (D:14)
  3 hippogriffs
  3 redbacks (Lair:2)
  2 wraiths
  2 basilisks (D:13)
  2 fire elementals (D:13)
  31 yaks
  2 wyverns
  Grum (Lair:1)
  A hungry ghost (D:10)
  4 water moccasins (Lair:2)
  4 porcupines (Lair:2)
  10 sky beasts
  Purgy (Sewer)
  8 orc warriors
  8 ice beasts
  A hornet zombie (D:10)
  A black bear (D:9)
  2 phantoms
  6 wolves
  5 ogres
  A necrophage (D:9)
  5 centaurs
  6 crocodiles
  18 big kobolds
  An elf zombie (D:5)
  2 elf skeletons (D:5)
  8 bullfrogs
  5 scorpions
  4 killer bees (D:7)
  7 wights
  3 howler monkeys (D:12)
  4 crimson imps
  A bullfrog zombie (D:11)
  3 centaur zombies
  A jelly (D:12)
  7 hounds
  9 orc wizards
  3 centaur skeletons
  10 orc priests
  2 bullfrog skeletons
  4 iguanas
  7 worker ants
  2 hound skeletons
  A mummy (Ossuary)
  2 worker ant zombies (D:8)
  16 adders
  5 gnolls
  2 howler monkey skeletons
  5 shadow imps
  A white imp (Lair:2)
  An ooze (D:2)
  2 adder skeletons (D:5)
  An adder zombie (D:5)
  3 worms
  2 dart slugs
  4 leopard geckos
  46 orcs
  8 bats
  7 giant cockroaches
  11 goblins
  8 hobgoblins
  7 jackals
  22 kobolds
  10 quokkas
  3 ball pythons
  A ball python skeleton (D:4)
  5 frilled lizards
  A goblin zombie (Ossuary)
  A hobgoblin zombie (Ossuary)
  A jackal skeleton (D:4)
  A leopard gecko skeleton (D:7)
  An orc skeleton (D:5)
  2 orc zombies (D:5)
  2 quokka skeletons
  10 rats
  A plant (Lair:2)
441 creatures vanquished.

Vanquished Creatures (others)
  A shadow (D:11)
  A wyvern zombie (D:11)
  A centaur skeleton (D:11)
  A hound skeleton (D:11)
  A hound simulacrum (D:11)
  5 fungi
  2 plants (Lair:2)
12 creatures vanquished.

Grand Total: 453 creatures vanquished

Notes
Turn   | Place    | Note
-------+----------+-------------------------------------------
     0 | D:1      | Amnesiac the Felid Earth Elementalist began the quest for
                  | the Orb.
     0 | D:1      | Reached XP level 1. HP: 7/7 MP: 4/4
   407 | D:1      | Reached XP level 2. HP: 11/11 MP: 3/6
   411 | D:1      | Learned a level 2 spell: Passwall
  1447 | D:2      | You fall through a shaft!
  1476 | D:3      | Found a stormy altar of Qazlal.
  1691 | D:4      | Reached XP level 3. HP: 14/14 MP: 3/8
  1759 | D:4      | Found a staircase to the Ecumenical Temple.
  1771 | Temple   | Entered the Ecumenical Temple
  2044 | D:2      | Reached XP level 4. HP: 17/18 MP: 6/10
  2307 | D:2      | Noticed Terence
  2318 | D:2      | Learned a level 4 spell: Petrify
  2731 | D:3      | Learned a level 3 spell: Stone Arrow
  3141 | D:3      | Reached XP level 5. HP: 21/21 MP: 4/11
  3444 | D:3      | Noticed Sigmund
  4119 | D:4      | Gained mutation: You are covered in thick fur. (AC +2)
                  | [Felid growth]
  4119 | D:4      | Reached XP level 6. HP: 19/24 MP: 0/13
  4286 | D:4      | Noticed a sky beast
  4308 | D:4      | Killed a sky beast
  4400 | D:4      | Found a shadowy altar of Dithmenos.
  4692 | D:4      | Reached skill level 5 in Spellcasting
  4692 | D:4      | Reached skill level 5 in Earth Magic
  5178 | D:4      | Reached XP level 7. HP: 27/27 MP: 2/15
  5379 | D:5      | Entered Level 5 of the Dungeon
  5552 | D:5      | Found a sand-covered staircase.
  5560 | Ossuary  | Entered an ossuary
  5916 | D:5      | Found a glowing drain.
  6046 | Sewer    | Entered a sewer
  6203 | Sewer    | Noticed Purgy
  6210 | Sewer    | Killed Purgy
  6664 | D:5      | Learned a level 5 spell: Lee's Rapid Deconstruction
  7428 | D:5      | Reached skill level 1 in Conjurations
  7895 | D:5      | Reached XP level 8. HP: 31/31 MP: 11/18
  9340 | D:7      | Found a burning altar of Makhleb.
  9340 | D:7      | Noticed a balrug
  9343 | D:7      | Noticed an orange demon
 10022 | D:7      | Reached XP level 9. HP: 34/34 MP: 16/20
 10169 | D:8      | Noticed a two-headed ogre
 10229 | D:8      | Reached skill level 1 in Unarmed Combat
 10412 | D:8      | Found Tuhymmen's Antique Armour Shoppe.
 10517 | D:8      | Found a sparkling altar of Nemelex Xobeh.
 10517 | D:8      | Found a white marble altar of Elyvilon.
 10522 | D:8      | Found a radiant altar of Vehumet.
 10524 | D:8      | Found a snail-covered altar of Cheibriados.
 10525 | D:8      | Found a sacrificial altar of Ru.
 10529 | D:8      | Became a worshipper of Vehumet
 10623 | D:8      | Found a deep blue altar of Sif Muna.
 11114 | D:8      | Noticed a kobold demonologist
 11118 | D:8      | Noticed a sixfirhy
 11118 | D:8      | Killed a kobold demonologist
 11187 | D:8      | Killed a two-headed ogre
 11187 | D:8      | Reached XP level 10. HP: 14/37 MP: 16/23
 11298 | D:8      | Reached * piety under Vehumet
 11298 | D:8      | Offered knowledge of Sting by Vehumet.
 11358 | D:8      | Found an opulent altar of Gozag.
 11369 | D:8      | Found Gozag's Platinum Reserve.
 12540 | D:9      | Noticed Gastronok
 12766 | D:9      | Found a burning altar of Makhleb.
 12810 | D:9      | Offered knowledge of Magic Dart by Vehumet.
 12935 | D:9      | Reached ** piety under Vehumet
 12996 | D:9      | Found a staircase to the Lair.
 13316 | D:9      | Killed Gastronok
 13316 | D:9      | Reached skill level 10 in Spellcasting
 13316 | D:9      | Reached skill level 10 in Earth Magic
 13385 | D:9      | Reached XP level 11. HP: 40/40 MP: 16/26
 13746 | D:10     | Entered Level 10 of the Dungeon
 13823 | D:10     | Learned a level 2 spell: Swiftness
 13900 | D:10     | Noticed Snorg
 14785 | D:10     | Killed Snorg
 14954 | D:10     | Offered knowledge of Mephitic Cloud by Vehumet.
 14960 | D:10     | Learned a level 3 spell: Mephitic Cloud
 14964 | D:10     | Learned a level 3 spell: Conjure Flame
 14967 | D:10     | Learned a level 2 spell: Sticks to Snakes
 15516 | Lair:1   | Entered Level 1 of the Lair of Beasts
 15806 | D:10     | Reached skill level 1 in Fighting
 15916 | D:11     | Noticed a purple ugly thing
 15949 | D:10     | Killed a purple ugly thing
 15990 | D:11     | Found a snail-covered altar of Cheibriados.
 16000 | D:10     | HP: 2/42 [blast of rock fragments (29)]
 16334 | D:11     | Noticed a brown ugly thing
 16341 | D:11     | Killed a brown ugly thing
 16341 | D:11     | Reached *** piety under Vehumet
 16544 | D:11     | Noticed a four-headed hydra
 16559 | D:11     | Killed a four-headed hydra
 16696 | D:11     | Found a staircase to the Orcish Mines.
 16733 | D:11     | Found a portal to a secret trove of treasure.
 16766 | D:11     | Gained mutation: Your thick and shaggy fur keeps you warm.
                  | (AC +3, rC+) [Felid growth]
 16766 | D:11     | Reached XP level 12. HP: 41/48 MP: 13/28
 16872 | D:11     | Offered knowledge of Ignite Poison by Vehumet.
 16882 | D:11     | Found Diczookk's Changing Room.
 16898 | D:11     | Noticed a tengu warrior
 16898 | D:11     | Identified the +7 mace of Extinguishment {venom, *Rage
                  | Int+7}
 16898 | D:11     | Noticed a seven-headed hydra
 17086 | D:11     | Bought a book of Transfigurations for 880 gold pieces
 17092 | D:11     | Learned a level 5 spell: Irradiate
 18064 | D:12     | Noticed Fannar
 18082 | D:12     | Killed Fannar
 18119 | D:12     | Noticed a two-headed ogre
 18129 | D:12     | Killed a two-headed ogre
 18623 | D:12     | Reached **** piety under Vehumet
 18682 | D:12     | Slain by a yak
 18683 | D:12     | Reached XP level 11. HP: 0/46 MP: 4/28
 18959 | D:13     | Offered knowledge of Venom Bolt by Vehumet.
 18963 | D:13     | Reached skill level 5 in Dodging
 18973 | D:13     | Noticed a brown ugly thing
 19004 | D:12     | Killed a brown ugly thing
 19073 | D:13     | Noticed a cyan ugly thing
 19105 | D:13     | Noticed a white ugly thing
 19126 | D:13     | Killed a white ugly thing
 19360 | D:13     | Found Anguyluri's General Store.
 19670 | D:13     | Killed a cyan ugly thing
 20271 | D:14     | Noticed a centaur warrior
 20469 | Lair:1   | Noticed Grum
 20481 | Lair:1   | Killed Grum
 20516 | Lair:1   | Reached XP level 12. HP: 9/49 MP: 12/29
 21774 | Lair:1   | Learned a level 6 spell: Statue Form
 21857 | Lair:2   | Noticed Urug
 21932 | Lair:2   | Killed Urug
 22181 | Lair:2   | Reached ***** piety under Vehumet
 22210 | Lair:2   | Offered knowledge of Bolt of Magma by Vehumet.
 22430 | Lair:2   | Found a hole to the Spider Nest.
 22708 | Lair:2   | HP: 1/49 [spiny frog (25)]
 22709 | Lair:2   | Succumbed to a spiny frog's poison
 22710 | Lair:2   | Reached XP level 11. HP: -1/46 MP: 26/29
 22710 | Lair:2   | Quit the game

Vault maps used:
D:1:      shiori_arrival_maze, chequers_serial_rivers_micro_b
D:2:      uniq_terence
D:3:      nicolae_overflow_hidden_temple, grunt_ministairs_3, uniq_sigmund
D:4:      marbit_many_paths, minmay_temple_entry_stoned_glass,
          chequers_serial_rivers_micro_e, serial_bayou_crossing
D:5:      nicolae_ossuary_entry_catacombs, first_ration,
          lightli_sewer_entry_pipes
D:7:      makhleb_altar_promises_db
D:8:      kennysheep_little_box, chequers_temple_overflow_minitemple,
          serial_shops, nicolae_shop_temple_entry_statues_fountains,
          special_room, grunt_pizzeria, nicolae_gozag_zags_fifth_avenue
D:9:      lair_entry_dummy, basic_altar, serial_glass, glass_columns_c,
          glass_columns_a, glass_columns_c, glass_columns_b, uniq_gastronok
D:10:     nrook_guardian_serpent_ordinary, uniq_snorg
D:11:     david_orc_3, enter_trove_0, basic_altar, nicolae_transmutations_shop,
          minivault_12
D:12:     uniq_fannar
D:13:     serial_shops, shop, uniq_azrael
D:14:     hangedman_vaults_entry_quadrant_bands, kennysheep_nub, st_stairs_3,
          chequers_serial_rivers_micro_d, serial_park_tiny_pond
Temple:   cyrus_circular_temple
Lair:1:   hibernation_bobbens, uniq_grum
Lair:2:   spider_nest_entry_funnel_web, ice2_lemuel, uniq_urug
Sewer:    kennysheep_door_sewer
Ossuary:  minmay_ossuary_gauntlet

Skill      XL: |  1  2  3  4  5  6  7  8  9 10 11 12 |
---------------+-------------------------------------+-----
Earth Magic    | 3 4 5 6 7 8 10 11 13 | 13.3
Spellcasting   | 3 4 5 6 7 8 10 11 13 | 13.3
Transmutations | 2 3 4 |  4.0
Conjurations   | 1 4 |  4.0
Stealth        | 3 4 |  4.0
Unarmed Combat | 3 4 |  4.0
Dodging        | 4 6 7 |  7.7
Fighting       | 3 4 |  4.1

Action                   |  1- 3 |  4- 6 |  7- 9 | 10-12 || total
-------------------------+-------+-------+-------+-------++-------
Melee: Unarmed           |    65 |   100 |   148 |   436 ||   749
       Bite              |     4 |     6 |    14 |    58 ||    82
       Punch             |       |       |       |    11 ||    11
 Cast: Sandblast         |    22 |    20 |    38 |    35 ||   115
       Passwall          |     1 |     2 |    13 |     2 ||    18
       Stone Arrow       |       |    55 |   123 |    41 ||   219
       Lee's Rapid Decon |       |       |    16 |   177 ||   193
       Petrify           |       |       |     1 |    67 ||    68
       Swiftness         |       |       |       |     1 ||     1
       Statue Form       |       |       |       |     4 ||     4
Evoke: Wand              |       |     1 |       |     8 ||     9
  Use: Scroll            |       |       |    15 |     7 ||    22
       Potion            |       |       |    12 |     2 ||    14
 Stab: Sleeping          |     1 |     2 |     5 |    14 ||    22
       Petrified         |       |       |     5 |   185 ||   190
       Petrifying        |       |       |     1 |    12 ||    13
       Distracted        |       |       |     1 |       ||     1
  Eat: Chunk             |     7 |    14 |    21 |    57 ||    99
Armor: Skin              |     7 |     5 |    27 |    51 ||    90
Dodge: Dodged            |    79 |    80 |   245 |   337 ||   741

Table legend:
 A = Non-vault XP
 B = Vault XP
 C = Vault XP percentage of total XP
 D = Non-vault monster count
 E = Vault monster count
 F = Vault count percentage of total count
                 A         B        C        D         E       F
            +---------+---------+-------+---------+---------+-------
      Total |   34372 |   12646 |  26.9 |     358 |      82 |  18.6
            +---------+---------+-------+---------+---------+-------
        D:1 |      40 |       3 |   7.0 |      16 |       2 |  11.1
        D:2 |      86 |       0 |   0.0 |      23 |       0 |   0.0
        D:3 |      88 |       2 |   2.2 |      28 |       1 |   3.4
        D:4 |     416 |     139 |  25.0 |      25 |       1 |   3.8
        D:5 |     307 |     297 |  49.2 |      19 |      10 |  34.5
        D:6 |     304 |       0 |   0.0 |      12 |       0 |   0.0
        D:7 |     951 |       0 |   0.0 |      21 |       0 |   0.0
        D:8 |    2298 |    2240 |  49.4 |      36 |      26 |  41.9
        D:9 |    1774 |    2401 |  57.5 |      19 |       1 |   5.0
       D:10 |    4125 |    1630 |  28.3 |      37 |       2 |   5.1
       D:11 |    4167 |     437 |   9.5 |      21 |       8 |  27.6
       D:12 |    6538 |    1023 |  13.5 |      37 |       1 |   2.6
       D:13 |    4222 |     398 |   8.6 |      22 |       2 |   8.3
       D:14 |     262 |       0 |   0.0 |       1 |       0 |   0.0
     Lair:1 |    2222 |     660 |  22.9 |      10 |       5 |  33.3
     Lair:2 |    6572 |    3207 |  32.8 |      31 |      13 |  29.5
      Sewer |       0 |     143 | 100.0 |       0 |       6 | 100.0
    Ossuary |       0 |      66 | 100.0 |       0 |       4 | 100.0
            +---------+---------+-------+---------+---------+-------
